 Dungeon Crawl Stone Soup version 0.26.0-15-gc6cd9f7 (webtiles) character file.

Game seed: 13119784185114502675

421 garbled the Sneak (level 6, -1/32 HPs)
             Began as a Vampire Earth Elementalist on Jan 22, 2021.
             Was a Follower of Fedhas.
             Slain by an orc wizard
             ... wielding a +0 dagger
              (4 damage)
             ... on level 3 of the Dungeon.
             The game lasted 00:16:04 (3734 turns).

garbled the Sneak (Vampire Earth Elementalist)      Turns: 3734, Time: 00:16:04

Health: -1/32      AC:  4    Str:  8    XL:     6   Next: 62%
Magic:  1/9        EV: 12    Int: 18    God:    Fedhas [*.....]
Gold:   281        SH:  5    Dex: 15    Spells: 3/9 levels left

rFire    . . .     SeeInvis +   x - -2 spear (curse)
rCold    + + +     Faith    .   (no shield)
rNeg     + + +     Spirit   .   t - +0 leather armour (curse)
rPois    ∞         Reflect  +   (no helmet)
rElec    .         Harm     .   (no cloak)
rCorr    .         Rampage  .   (no gloves)
Will     .....                  m - +0 pair of boots
Stlth    +++++.....             i - amulet of reflection (curse)
HPRegen  0.00/turn              e - ring of protection from cold
MPRegen  0.11/turn              (no ring)

@: bloodless
A: fangs 3, see invisible, unbreathing
a: Bat Form, Revivify, Renounce Religion


You were on level 3 of the Dungeon.
You worshipped Fedhas.
Fedhas was aware of your devotion.
You visited 1 branch of the dungeon, and saw 4 of its levels.

You collected 281 gold pieces.

Inventory:

Hand Weapons
 f - a +0 dagger
 n - a +1 rapier
 x - a cursed -2 spear (weapon)
Missiles
 b - 56 stones
 g - 7 atropa-tipped darts
 u - a throwing net
Armour
 c - a +1 robe
 j - a +2 leather armour of positive energy
 m - a +0 pair of boots (worn)
 t - a cursed +0 leather armour (worn)
Jewellery
 e - a ring of protection from cold (left hand)
 i - a cursed amulet of reflection (around neck)
 l - an uncursed amulet of magic regeneration
Wands
 w - a wand of acid (8)
Scrolls
 k - a scroll of fear
 o - 2 scrolls of blinking
 r - a scroll of identify
 s - 2 scrolls of teleportation
 v - a scroll of fog
Potions
 a - a potion of might
 h - 2 potions of resistance
 p - a potion of magic {unknown}
 q - 2 potions of lignification {unknown}
 z - 2 potions of haste {unknown}


   Skills:
 - Level 2.0 Short Blades
 - Level 2.1 Dodging
 + Level 5.8 Stealth
 - Level 2.0 Spellcasting
 - Level 1.0 Conjurations
 - Level 1.1 Transmutations
 - Level 4.5 Earth Magic
 * Level 3.6 Invocations


You had 3 spell levels left.
You knew the following spells:

 Your Spells              Type           Power        Failure   Level
a - Sandblast             Erth           36%          4%          1
b - Passwall              Tmut/Erth      9%           13%         2
c - Stone Arrow           Conj/Erth      22%          26%         3

Your spell library contained the following spells:

 Spells                   Type           Power        Failure   Level
 Confusing Touch          Hex            1%           61%         3
 Gell's Gravitas          Tloc           0%           61%         3
 Petrify                  Tmut/Erth      11%          63%         4
 Lee's Rapid Deconstruct  Erth           9%           75%         5
 Yara's Violent Unravell  Hex/Tmut       1%           99%         5
 Metabolic Englaciation   Hex/Ice        0%           100%        5


Dungeon Overview and Level Annotations

Branches:
Dungeon (4/15)
 Temple: D:4-7

Altars:
Fedhas
Hepliaklqana


Innate Abilities, Weirdness & Mutations

You do not regenerate when monsters are visible.
You are frail without blood (-20% HP).
You can heal yourself when you bite living creatures.
You are immune to poison.
You have razor-sharp teeth.
You have supernaturally acute eyesight. (SInv)
You can survive without breathing.


Message History

The orc wizard gestures at you while chanting.
The magic dart hits you!
* * * LOW HITPOINT WARNING * * *
There is a stone staircase leading up here.
The orc wizard barely misses you. The orc closely misses you.
You climb upwards.
There is a stone staircase leading down here.
Unknown command.
You feel better.
The orc wizard hits you with a +0 dagger.
* * * LOW HITPOINT WARNING * * *
The orc hits you.
* * * LOW HITPOINT WARNING * * *
The orc wizard hits you but does no damage.
Unknown command.
The orc barely misses you. The orc wizard barely misses you.
The orc wizard hits you with a +0 dagger.
You die...
Fedhas appreciates your contribution to the ecosystem.

........### #.#........#
.###.....#####...########
.##..#...........<...##
.#..####).............##
...####................#
##......).)............#
##.####................#
....###..........o..>..#
###..##.........@o.....#
##...................#
#####..............##
##...^........####
########........#
#........# #.<......#
##########


You could see an orc wizard (fast) and an orc.

Vanquished Creatures
  An ogre (D:4)
  A scorpion (D:4)
  2 orc priests
  An iguana (D:4)
  An orc wizard (D:3)
  Ijyb (D:2)
  A hound skeleton (D:4)
  7 adders
  A dart slug (D:2)
  2 leopard geckos
  13 orcs
  A ball python (D:2)
  A giant cockroach (D:1)
  A goblin (D:1)
  9 hobgoblins
  2 quokkas
  8 bats
  5 frilled lizards
  5 kobolds
  A quokka skeleton (D:4)
  6 rats
70 creatures vanquished.

Notes
Turn   | Place    | Note
-------+----------+-------------------------------------------
     0 | D:1      | garbled the Vampire Earth Elementalist began the quest for
                  | the Orb.
     0 | D:1      | Reached XP level 1. HP: 13/13 MP: 3/3
   343 | D:1      | Reached XP level 2. HP: 19/19 MP: 3/5
   346 | D:1      | Learned a level 2 spell: Passwall
  1022 | D:2      | Found a blossoming altar of Fedhas.
  1052 | D:2      | Became a worshipper of Fedhas Madash
  1250 | D:2      | Reached XP level 3. HP: 20/24 MP: 2/6
  1422 | D:2      | Found a hazy altar of Hepliaklqana.
  1844 | D:3      | Noticed Ijyb
  1865 | D:3      | Reached skill level 4 in Stealth
  1941 | D:2      | Killed Ijyb
  1942 | D:2      | Reached skill level 1 in Invocations
  1978 | D:3      | Reached skill level 1 in Short Blades
  1978 | D:3      | Reached XP level 4. HP: 18/30 MP: 3/7
  2422 | D:3      | Learned a level 3 spell: Stone Arrow
  2496 | D:3      | Reached * piety under Fedhas
  2542 | D:3      | Reached XP level 5. HP: 28/28 MP: 4/8
  3114 | D:4      | Noticed an ogre
  3137 | D:4      | Killed an ogre
  3138 | D:4      | Reached skill level 5 in Stealth
  3138 | D:4      | Reached skill level 1 in Conjurations
  3138 | D:4      | Reached XP level 6. HP: 7/32 MP: 6/9
  3734 | D:3      | Slain by an orc wizard

Illustrated notes

Levels and vault maps discovered:
D:1:      beargit_arrival_greenhouse, layout_loops_ring
D:2:      layout_basic, fedhas_altar_3, nicolae_overflow_crystal_walls
D:3:      layout_rooms, st_stairs_12, uniq_ijyb
D:4:      layout_cave_pools

Skill      XL: |  1  2  3  4  5  6 |
---------------+-------------------+-----
Stealth        | 4 5 |  5.8
Earth Magic    | 4 |  4.5
Invocations    | 1 2 3 |  3.6
Short Blades   | 1 2 |  2.0
Conjurations   | 1 |  1.0
Dodging        | |  2.1
Spellcasting   | |  2.0
Transmutations | |  1.1

Action                   |  1- 3 |  4- 6 || total
-------------------------+-------+-------++-------
Melee: Dagger            |    82 |    38 ||   120
       Bite              |     5 |     3 ||     8
       Spear             |       |     5 ||     5
 Cast: Sandblast         |    42 |    63 ||   105
 Abil: Exsanguinate      |       |     1 ||     1
  Use: Scroll            |     5 |     6 ||    11
       Potion            |       |     2 ||     2
 Stab: Sleeping          |     7 |     6 ||    13
Armor: Robe              |    12 |     3 ||    15
       Skin              |    13 |       ||    13
       Leather armour    |       |     8 ||     8
Dodge: Dodged            |    45 |    37 ||    82
Block: Other             |     8 |     9 ||    17
